NYP
HILLSBORO HOPS @ MILWAUKEE (NYP) BREWERS
06/16/2048
 
TOP OF THE 1ST
Hillsboro Hops batting - Pitching for Milwaukee (NYP) Brewers : RHP Ben Bosley
Pitching: RHP Ben Bosley
Batting: RHB Yutaka Oki 0-0: Called Strike
0-1: Ground out 6-3 (Groundball, 6M, EV 83.8 MPH)
Batting: RHB Daniel Rivera 0-0: Ball
1-0: Called Strike
1-1: Swinging Strike
1-2: Foul Ball, location: 2F
1-2: Ball
2-2: Ground out 1-3 (Groundball, 13S, EV 65.0 MPH)
Batting: RHB Terry Jarrells 0-0: Ball
1-0: Foul Ball, location: 2F
1-1: Foul Ball, location: 2F
1-2: Foul Ball, location: 2F
1-2: Ball
2-2: Foul Ball, location: 2F
2-2: Ball
3-2: SINGLE (Groundball, 56S, EV 63.1 MPH) (infield hit)
Batting: LHB Franklin Quezada 0-0: Ball
1-0: Called Strike
1-1: Called Strike
1-2: Ball
Terry Jarrells steals 2nd base
2-2: Fly out, F7 (Line Drive, 78M, EV 86.9 MPH)
Top of the 1st over - 0 runs, 1 hit, 0 errors, 1 left on base; Hillsboro 0 - Milwaukee (NYP) 0
BOTTOM OF THE 1ST
Milwaukee (NYP) Brewers batting - Pitching for Hillsboro Hops : RHP Jordan Rondon
Pitching: RHP Jordan Rondon
Batting: SHB Aaron Neill 0-0: Called Strike
0-1: Swinging Strike
0-2: Strikes out looking
Batting: SHB Justin Hensley 0-0: TRIPLE (Flyball, 89XD, EV 103.1 MPH)
Batting: LHB Tyler Francis 0-0: Ball
1-0: Ball
2-0: Called Strike
2-1: Foul Ball, location: 2F
2-2: Ball
3-2: SINGLE (Line Drive, 9LS, EV 95.0 MPH)
Justin Hensley scores
Batting: LHB Mark Backstrom 0-0: Called Strike
0-1: Swinging Strike
0-2: Foul Ball, location: 2F
0-2: Ball
1-2: Ball
2-2: Grounds into double play, 4-6-3 (Groundball, 4, EV 86.2 MPH)
Bottom of the 1st over - 1 run, 2 hits, 0 errors, 0 left on base; Hillsboro 0 - Milwaukee (NYP) 1
TOP OF THE 2ND
Hillsboro Hops batting - Pitching for Milwaukee (NYP) Brewers : RHP Ben Bosley
Batting: RHB Danny Loyola 0-0: Foul Ball, location: 2F
0-1: Called Strike
0-2: Strikes out swinging
Batting: RHB Antonio Luisa 0-0: Ball
1-0: Called Strike
1-1: Ground out 6-3 (Groundball, 6S, EV 64.4 MPH)
Batting: RHB John Ricketts 0-0: Called Strike
0-1: Foul Ball, location: 2F
0-2: Foul Ball, location: 2F
0-2: Ball
1-2: Fly out, F8 (Flyball, 8RD, EV 73.8 MPH)
Top of the 2nd over - 0 runs, 0 hits, 0 errors, 0 left on base; Hillsboro 0 - Milwaukee (NYP) 1
BOTTOM OF THE 2ND
Milwaukee (NYP) Brewers batting - Pitching for Hillsboro Hops : RHP Jordan Rondon
Batting: RHB Ryan Miller 0-0: Ball
1-0: Ball
2-0: Foul Ball, location: 2F
2-1: Called Strike
2-2: Foul Ball, location: 2F
2-2: Foul Ball, location: 2F
2-2: Ball
3-2: Ground out U3 (Groundball, 3, EV 85.6 MPH)
Batting: RHB Chris Maul 0-0: Foul Ball, location: 2F
0-1: Ground out 2-3 (Groundball, 2R, EV 73.8 MPH)
Batting: RHB Jose Cerritos 0-0: Ball
1-0: Ball
2-0: Called Strike
2-1: Ball
3-1: Base on Balls
Batting: RHB Dan Allred 0-0: Ball
1-0: Foul Ball, location: 2F
1-1: SINGLE (Flyball, 34D, EV 86.9 MPH)
Jose Cerritos to second
Throwing error, E9
Jose Cerritos scores
Dan Allred to second
Batting: RHB Michael Dickerson 0-0: Ball
1-0: Called Strike
1-1: Ball
2-1: Called Strike
2-2: Strikes out swinging
Bottom of the 2nd over - 1 run, 1 hit, 1 error, 1 left on base; Hillsboro 0 - Milwaukee (NYP) 2
TOP OF THE 3RD
Hillsboro Hops batting - Pitching for Milwaukee (NYP) Brewers : RHP Ben Bosley
Batting: RHB Chris McGrath 0-0: Called Strike
0-1: Hit by Pitch
Batting: LHB Josh Kirk 0-0: Swinging Strike
0-1: Foul Ball, location: 2F
0-2: Ball
1-2: Fly out, F8 (Flyball, 8RM, EV 81.2 MPH)
Batting: RHB Yutaka Oki 0-0: Foul Ball, location: 2F
Pickoff Throw to First - Error! E1
Chris McGrath to second
0-1: SINGLE (Groundball, 56D, EV 94.4 MPH)
Chris McGrath to third
Batting: RHB Daniel Rivera 0-0: Called Strike
0-1: Called Strike
0-2: Strikes out looking
Batting: RHB Terry Jarrells 0-0: Called Strike
Yutaka Oki steals 2nd, throwing error, E2
Chris McGrath scores
Yutaka Oki to third
0-1: SINGLE (Flyball, 56D, EV 88.8 MPH)
Yutaka Oki scores
Batting: LHB Franklin Quezada 0-0: Ball
1-0: SINGLE (Flyball, 5D, EV 90.6 MPH)
Terry Jarrells to second
Batting: RHB Danny Loyola 0-0: Ball
Wild Pitch!
Terry Jarrells to third
Franklin Quezada to second
1-0: Called Strike
1-1: Foul Ball, location: 2F
1-2: Ball
2-2: Strikes out looking
Top of the 3rd over - 2 runs, 3 hits, 2 errors, 2 left on base; Hillsboro 2 - Milwaukee (NYP) 2
BOTTOM OF THE 3RD
Milwaukee (NYP) Brewers batting - Pitching for Hillsboro Hops : RHP Jordan Rondon
Batting: SHB Aaron Neill 0-0: Called Strike
0-1: Ball
1-1: Ball
2-1: Ball
3-1: Foul Ball, location: 2F
3-2: Foul Ball, location: 2F
3-2: Base on Balls
Batting: SHB Justin Hensley 0-0: Ball
1-0: Foul Ball, location: 2F
1-1: Ball
Wild Pitch!
Aaron Neill to second
2-1: Ball
3-1: Foul Ball, location: 2F
3-2: Base on Balls
Batting: LHB Tyler Francis 0-0: Ball
Wild Pitch!
Aaron Neill to third
Justin Hensley to second
1-0: Ball
2-0: Swinging Strike
2-1: Fly out, F6 (Popup, 6M, EV 56.9 MPH)
Batting: LHB Mark Backstrom 0-0: Ball
1-0: Ball
2-0: Ball
3-0: Base on Balls
Batting: RHB Ryan Miller 0-0: Fielders Choice at 2nd, 5-4 (Groundball, 56, EV 87.5 MPH)
Aaron Neill scores
Justin Hensley to third
Batting: RHB Chris Maul 0-0: Ball
1-0: SINGLE (Line Drive, 6M, EV 96.2 MPH)
Justin Hensley scores
Ryan Miller to second
Batting: RHB Jose Cerritos 0-0: Called Strike
0-1: Ball
1-1: Ball
2-1: Ball
3-1: Fielders Choice at 2nd, 6-4 (Groundball, 6, EV 80.0 MPH)
Bottom of the 3rd over - 2 runs, 1 hit, 0 errors, 2 left on base; Hillsboro 2 - Milwaukee (NYP) 4
TOP OF THE 4TH
Hillsboro Hops batting - Pitching for Milwaukee (NYP) Brewers : RHP Ben Bosley
Batting: RHB Antonio Luisa 0-0: Ball
1-0: Ball
2-0: Called Strike
2-1: Foul Ball, location: 2F
2-2: Ground out 4-3 (Groundball, 4, EV 83.1 MPH)
Batting: RHB John Ricketts 0-0: Ball
1-0: Called Strike
1-1: Foul Ball, location: 2F
1-2: Strikes out swinging
Batting: RHB Chris McGrath 0-0: Called Strike
0-1: Ball
1-1: Ball
2-1: Ground out 6-3 (Groundball, 6, EV 78.1 MPH)
Top of the 4th over - 0 runs, 0 hits, 0 errors, 0 left on base; Hillsboro 2 - Milwaukee (NYP) 4
BOTTOM OF THE 4TH
Milwaukee (NYP) Brewers batting - Pitching for Hillsboro Hops : RHP Jordan Rondon
Batting: RHB Dan Allred 0-0: Fly out, F8 (Flyball, 8RD, EV 100.0 MPH)
Batting: RHB Michael Dickerson 0-0: Called Strike
0-1: Foul Ball, location: 2F
0-2: Ball
1-2: Strikes out swinging
Batting: SHB Aaron Neill 0-0: Ball
1-0: Foul Ball, location: 2F
1-1: SINGLE (Flyball, 3D, EV 83.1 MPH)
Batting: SHB Justin Hensley 0-0: Foul Ball, location: 2F
0-1: Ball
1-1: Fly out, F8 (Line Drive, 8LD, EV 85.6 MPH)
Bottom of the 4th over - 0 runs, 1 hit, 0 errors, 1 left on base; Hillsboro 2 - Milwaukee (NYP) 4
TOP OF THE 5TH
Hillsboro Hops batting - Pitching for Milwaukee (NYP) Brewers : RHP Ben Bosley
Batting: LHB Josh Kirk 0-0: Foul Ball, location: 2F
0-1: Foul Ball, location: 2F
0-2: Foul Ball, location: 2F
0-2: Ball
1-2: Ball
2-2: Ball
3-2: Strikes out swinging
Batting: RHB Yutaka Oki 0-0: Called Strike
0-1: Ball
1-1: Ball
2-1: Called Strike
2-2: Ground out 5-3 (Groundball, 56S, EV 90.6 MPH)
Batting: RHB Daniel Rivera 0-0: Ball
1-0: SINGLE (Groundball, 4MD, EV 101.2 MPH)
Batting: RHB Terry Jarrells 0-0: Ball
1-0: Ball
2-0: Hit by Pitch
Daniel Rivera to second
Batting: LHB Franklin Quezada 0-0: Called Strike
0-1: Swinging Strike
0-2: Ball
1-2: Strikes out swinging
Top of the 5th over - 0 runs, 1 hit, 0 errors, 2 left on base; Hillsboro 2 - Milwaukee (NYP) 4
BOTTOM OF THE 5TH
Milwaukee (NYP) Brewers batting - Pitching for Hillsboro Hops : RHP Jordan Rondon
Batting: LHB Tyler Francis 0-0: Ball
1-0: Ground out 6-3 (Groundball, 4, EV 76.9 MPH)
Batting: LHB Mark Backstrom 0-0: Called Strike
0-1: Swinging Strike
0-2: Ball
1-2: Ball
2-2: Fly out, F8 (Flyball, 78M, EV 85.0 MPH)
Batting: RHB Ryan Miller 0-0: Called Strike
0-1: SINGLE (Groundball, 15S, EV 76.2 MPH) (infield hit)
Batting: RHB Chris Maul 0-0: Called Strike
0-1: Fly out, F3 (Popup, 3SF, EV 76.2 MPH)
Bottom of the 5th over - 0 runs, 1 hit, 0 errors, 1 left on base; Hillsboro 2 - Milwaukee (NYP) 4
TOP OF THE 6TH
Hillsboro Hops batting - Pitching for Milwaukee (NYP) Brewers : RHP Ben Bosley
Pitching: RHP Jeff Alanis
Batting: RHB Danny Loyola 0-0: Called Strike
0-1: Ball
1-1: Ball
2-1: Ball
3-1: Called Strike
3-2: Foul Ball, location: 2F
3-2: Base on Balls
Batting: RHB Antonio Luisa 0-0: Foul Ball, location: 2F
0-1: Ball
1-1: DOUBLE (Line Drive, 89XD, EV 102.5 MPH)
Danny Loyola to third
Danny Loyola scores
Batting: RHB John Ricketts 0-0: Ball
1-0: Swinging Strike
1-1: Fly out, F8 (Flyball, 8RD, EV 84.4 MPH)
Pinch Hitting: LHB Dillon Rizzuto 0-0: Ball
1-0: Swinging Strike
1-1: Ball
2-1: Ball
3-1: Foul Ball, location: 2F
3-2: Strikes out looking
Batting: LHB Josh Kirk 0-0: Foul Ball, location: 2F
0-1: Ball
1-1: Foul Ball, location: 2F
1-2: Ball
2-2: Strikes out swinging
Top of the 6th over - 1 run, 1 hit, 0 errors, 1 left on base; Hillsboro 3 - Milwaukee (NYP) 4
BOTTOM OF THE 6TH
Milwaukee (NYP) Brewers batting - Pitching for Hillsboro Hops : RHP Jordan Rondon
Now in LF: Dillon Rizzuto
Batting: RHB Jose Cerritos 0-0: Called Strike
0-1: Ball
1-1: Foul Ball, location: 2F
1-2: Ground out 5-3 (Groundball, 56S, EV 63.1 MPH)
Batting: RHB Dan Allred 0-0: Fly out, F7 (Flyball, 7, EV 98.1 MPH)
Batting: RHB Michael Dickerson 0-0: Called Strike
0-1: Ball
1-1: Swinging Strike
1-2: Ball
2-2: Ball
3-2: Base on Balls
Batting: SHB Aaron Neill 0-0: Ball
1-0: Called Strike
1-1: Ball
2-1: Called Strike
2-2: Ball
3-2: Hit by Pitch
Michael Dickerson to second
Pitching: RHP Nick Garland
Batting: SHB Justin Hensley 0-0: Ball
1-0: Ball
2-0: Ball
3-0: Base on Balls
Michael Dickerson to third
Aaron Neill to second
Batting: LHB Tyler Francis 0-0: Called Strike
0-1: Ball
1-1: Swinging Strike
1-2: Ball
2-2: Ball
3-2: Strikes out looking
Bottom of the 6th over - 0 runs, 0 hits, 0 errors, 3 left on base; Hillsboro 3 - Milwaukee (NYP) 4
TOP OF THE 7TH
Hillsboro Hops batting - Pitching for Milwaukee (NYP) Brewers : RHP Jeff Alanis
Now at 3B: Jonathan Sarles
Batting: RHB Yutaka Oki 0-0: SINGLE (Line Drive, 4D, EV 106.9 MPH)
Pinch Hitting: SHB Morgan Batson 0-0: Ball
1-0: Ball
2-0: Ball
3-0: Called Strike
3-1: Base on Balls
Yutaka Oki to second
Batting: RHB Terry Jarrells 0-0: Ball
Wild Pitch!
Yutaka Oki to third
Morgan Batson to second
1-0: Called Strike
1-1: Foul Ball, location: 2F
1-2: Strikes out looking
Batting: LHB Franklin Quezada 0-0: Called Strike
0-1: Called Strike
0-2: Ball
Wild Pitch!
Yutaka Oki scores
Morgan Batson to third
1-2: Foul Ball, location: 2F
1-2: Strikes out looking
Batting: RHB Danny Loyola 0-0: Intentional Walk
Batting: RHB Antonio Luisa 0-0: Ball
1-0: Foul Ball, location: 2F
1-1: Ball
2-1: SINGLE (Groundball, 5D, EV 98.8 MPH)
Morgan Batson scores
Danny Loyola to second
Runner from 2nd tries for 3rd, SAFE, throw by LF made to third
Batting: RHB John Ricketts 0-0: Called Strike
0-1: Called Strike
0-2: Ball
1-2: Strikes out swinging
Top of the 7th over - 2 runs, 2 hits, 0 errors, 2 left on base; Hillsboro 5 - Milwaukee (NYP) 4
BOTTOM OF THE 7TH
Milwaukee (NYP) Brewers batting - Pitching for Hillsboro Hops : RHP Nick Garland
Now at 3B: Morgan Batson
Batting: LHB Mark Backstrom 0-0: Foul Ball, location: 2F
0-1: Called Strike
0-2: Ball
1-2: Strikes out swinging
Batting: RHB Ryan Miller 0-0: Ground out 6-3 (Groundball, 6, EV 95.0 MPH)
Batting: RHB Chris Maul 0-0: Called Strike
0-1: Ball
1-1: Called Strike
1-2: Strikes out swinging
Bottom of the 7th over - 0 runs, 0 hits, 0 errors, 0 left on base; Hillsboro 5 - Milwaukee (NYP) 4
TOP OF THE 8TH
Hillsboro Hops batting - Pitching for Milwaukee (NYP) Brewers : RHP Jeff Alanis
Pitching: RHP Dan Patino
Batting: LHB Dillon Rizzuto 0-0: Ball
1-0: Ball
2-0: Ball
3-0: Base on Balls
Batting: LHB Josh Kirk 0-0: Bunted foul
0-1: Ball
1-1: Ball
2-1: Bunted foul
2-2: Ball
3-2: SINGLE (Groundball, 34D, EV 86.9 MPH) (infield hit)
Dillon Rizzuto to second
Batting: RHB Yutaka Oki 0-0: Ball
Wild Pitch!
Dillon Rizzuto to third
Josh Kirk to second
1-0: Ball
2-0: Foul Ball, location: 2F
2-1: Foul Ball, location: 2F
2-2: Foul Ball, location: 2F
2-2: Ground out 6-3 (Groundball, 56, EV 108.1 MPH)
Batting: SHB Morgan Batson 0-0: Called Strike
0-1: Swinging Strike
0-2: Ball
1-2: Strikes out swinging
Batting: RHB Terry Jarrells 0-0: Foul Ball, location: 2F
0-1: Ball
1-1: Called Strike
1-2: Ball
2-2: SINGLE (Line Drive, 8RS, EV 91.2 MPH)
Dillon Rizzuto scores
Josh Kirk to third
Runner from 3rd tries for Home, SAFE, throw by CF to home
Batting: LHB Franklin Quezada 0-0: Ball
1-0: Ball
2-0: Foul Ball, location: 2F
2-1: Swinging Strike
2-2: Ball
3-2: Strikes out swinging
Top of the 8th over - 2 runs, 2 hits, 0 errors, 1 left on base; Hillsboro 7 - Milwaukee (NYP) 4
BOTTOM OF THE 8TH
Milwaukee (NYP) Brewers batting - Pitching for Hillsboro Hops : RHP Nick Garland
Batting: RHB Jose Cerritos 0-0: Ball
1-0: Foul Ball, location: 2F
1-1: Foul Ball, location: 2F
1-2: Ball
2-2: DOUBLE (Line Drive, 8LD, EV 107.5 MPH) - OUT at third base trying to stretch hit.
Batting: RHB Dan Allred 0-0: Ball
1-0: Ball
2-0: Called Strike
2-1: Swinging Strike
2-2: Fly out, F9 (Line Drive, 9D, EV 90.6 MPH)
Batting: RHB Michael Dickerson 0-0: Called Strike
0-1: Ball
1-1: Ball
2-1: SINGLE (Groundball, 4MD, EV 105.0 MPH)
Pitching: RHP Dan Thompson
Batting: SHB Aaron Neill 0-0: Foul Ball, location: 2F
0-1: Ground out 4-3 (Groundball, 34, EV 99.4 MPH)
Bottom of the 8th over - 0 runs, 2 hits, 0 errors, 1 left on base; Hillsboro 7 - Milwaukee (NYP) 4
TOP OF THE 9TH
Hillsboro Hops batting - Pitching for Milwaukee (NYP) Brewers : RHP Dan Patino
Batting: RHB Danny Loyola 0-0: Fly out, F7 (Flyball, 7, EV 85.6 MPH)
Batting: RHB Antonio Luisa 0-0: Called Strike
0-1: Fly out, F5 (Popup, 56S, EV 69.4 MPH)
Batting: RHB John Ricketts 0-0: Called Strike
0-1: Foul Ball, location: 2F
0-2: Foul Ball, location: 2F
0-2: Ground out 4-3 (Groundball, 4, EV 79.4 MPH)
Top of the 9th over - 0 runs, 0 hits, 0 errors, 0 left on base; Hillsboro 7 - Milwaukee (NYP) 4
BOTTOM OF THE 9TH
Milwaukee (NYP) Brewers batting - Pitching for Hillsboro Hops : RHP Dan Thompson
Pitching: LHP Matt Bagnall
Batting: RHB Jonathan Sarles 0-0: Called Strike
0-1: SOLO HOME RUN (Flyball, 7LD, EV 94.4 MPH), Distance : 347 ft
Batting: LHB Tyler Francis 0-0: Called Strike
0-1: Swinging Strike
0-2: Strikes out swinging
Batting: LHB Mark Backstrom 0-0: Ball
1-0: Ball
2-0: Ball
3-0: Base on Balls
Batting: RHB Ryan Miller 0-0: Ball
1-0: Swinging Strike
1-1: Foul Ball, location: 2F
1-2: Foul Ball, location: 2F
1-2: Foul Ball, location: 2F
1-2: Reached via error on a dropped throw from 1B, E1 (Groundball, 34S, EV 64.4 MPH)
Mark Backstrom to second
Batting: RHB Chris Maul 0-0: Called Strike
0-1: Fielders Choice at 2nd, 6-4 (Groundball, 6S, EV 76.9 MPH)
Mark Backstrom to third
Batting: RHB Jose Cerritos 0-0: Called Strike
0-1: Called Strike
0-2: Strikes out swinging
Bottom of the 9th over - 1 run, 1 hit, 1 error, 2 left on base; Hillsboro 7 - Milwaukee (NYP) 5
Tuesday, March 28th , 2023 - OOTP Baseball 23.10 Build 110